 Dungeon Crawl Stone Soup version 0.25.1-2-g60ff931df9 (webtiles) character file.

Game seed: 16715043262604302157

1779 ces the Cleaver (level 8, -1/74 HPs)
             Began as a Minotaur Berserker on Nov 25, 2020.
             Was an Elder of Trog.
             Slain by a wight
             ... wielding a cursed +0 spear
              (8 damage)
             ... on level 7 of the Dungeon.
             The game lasted 00:11:21 (5936 turns).

ces the Cleaver (Minotaur Berserker)                Turns: 5936, Time: 00:11:21

Health: -1/74      AC:  2    Str: 25    XL:     8   Next: 81%
Magic:  7/7        EV: 13    Int:  4    God:    Trog [****..]
Gold:   184        SH:  0    Dex:  9    Spells: 7/7 levels left

rFire    + . .     SeeInvis .   a - +0 war axe
rCold    . . .     Gourm    .   (no shield)
rNeg     . . .     Faith    .   b - +0 animal skin
rPois    .         Spirit   .   (helmet restricted)
rElec    .         Reflect  .   (no cloak)
rCorr    .         Harm     .   (no gloves)
MR       ++...                  (no boots)
Stlth    +.........             o - amulet of regeneration
HPRegen  1.62/turn              q - ring of protection from fire
MPRegen  0.10/turn              (no ring)

@: regenerating, drained
A: retaliatory headbutt, horns 2
a: Berserk, Trog's Hand, Brothers in Arms, Renounce Religion


You were on level 7 of the Dungeon.
You worshipped Trog.
Trog was greatly pleased with you.
You were hungry.

You visited 2 branches of the dungeon, and saw 8 of its levels.
You also visited: Sewer.

You collected 239 gold pieces.
You spent 55 gold pieces at shops.

Inventory:

Hand Weapons
 a - a +0 war axe (weapon)
 s - a +0 hand axe
Missiles
 u - 42 bolts
Armour
 b - a +0 animal skin (worn)
Jewellery
 i - an uncursed ring of stealth {unknown}
 o - an amulet of regeneration (around neck)
 q - a ring of protection from fire (left hand)
 x - an uncursed ring of flight {unknown}
Wands
 d - a wand of digging (4)
 w - a wand of disintegration (8)
Scrolls
 f - 2 scrolls of teleportation
 h - 2 scrolls of remove curse
 j - 2 scrolls of immolation {unknown}
 k - 4 scrolls of amnesia
 n - a scroll of fog
 r - 4 scrolls of blinking
 v - 2 scrolls of enchant armour {unknown}
Potions
 e - 2 potions of haste
 g - 2 potions of resistance {unknown}
 l - 2 potions of brilliance {unknown}
 m - 3 potions of degeneration {unknown}
 p - a potion of lignification
 t - 2 potions of heal wounds
Comestibles
 c - 10 rations
 z - 7 chunks of flesh


   Skills:
 + Level 7.8(6.7) Fighting
 + Level 10.2(9.1) Axes
 + Level 2.8(1.9) Armour
 + Level 5.6(4.6) Dodging
 + Level 2.2(1.3) Stealth


You had 7 spell levels left.
You didn't know any spells.
Your spell library was empty.

Dungeon Overview and Level Annotations

Branches:
Dungeon (7/15)             Temple (1/1) D:4           Sewer (visited)

Altars:
Ashenzari
Cheibriados
Dithmenos
Elyvilon
Gozag
Hepliaklqana
Kikubaaqudgha
Makhleb
Nemelex Xobeh
Okawaru
Ru
Sif Muna
Trog
Vehumet
Wu Jian
Xom
Yredelemnul
Zin
The Shining One

Shops:
D:4 !


Innate Abilities, Weirdness & Mutations

You reflexively headbutt those who attack you in melee.
You have a pair of horns on your head.


Message History

The wight hits you from afar with a cursed +0 spear!
You feel drained.
You are too injured to fight recklessly!
You are too injured to fight recklessly!
You are too injured to fight recklessly!
You are too injured to fight recklessly!
You are too injured to fight recklessly!
You are too injured to fight recklessly!
Your skin crawls.
You feel resistant to hostile enchantments.
You feel somewhat more hungry.
The wight hits you from afar with a cursed +0 spear!
* * * LOW HITPOINT WARNING * * *
The wight hits you with a +2 morningstar!
* * * LOW HITPOINT WARNING * * *
Your two-headed ogre goes berserk!
You are feeling hungry.
Trog will no longer gift you weapons.
The wight hits you from afar with a cursed +0 spear!
You die...

############.
#...)@zz.....
#.#####O####.
#.# # #.#
##.## #..)# .#
#...# #..
#####...####.#
...........#.#


You could see 2 wights and a friendly two-headed ogre (summoned, berserk).

Vanquished Creatures
  A water moccasin (D:7)
  An orc warrior (D:4)
  2 sky beasts (D:5)
  An ice beast (D:5)
  A big kobold (D:6)
  3 bullfrogs
  2 scorpions
  A wight (D:7)
  A howler monkey (D:5)
  2 crimson imps
  2 hounds
  An orc priest (D:3)
  A jelly (D:6)
  A bullfrog skeleton (D:3)
  6 worker ants
  3 orc wizards
  A worker ant zombie (D:5)
  4 gnolls (D:7)
  A howler monkey skeleton (D:4)
  12 adders
  A river rat (D:6)
  A shadow imp (D:7)
  12 oozes
  An adder skeleton (D:6)
  2 worms (D:3)
  2 dart slugs
  10 leopard geckos
  14 orcs
  9 ball pythons
  20 giant cockroaches
  11 goblins
  7 hobgoblins
  9 jackals
  A quokka (D:3)
  8 bats
  19 frilled lizards
  16 kobolds
  A leopard gecko skeleton (D:5)
  A quokka skeleton (D:4)
  8 rats
200 creatures vanquished.

Notes
Turn   | Place    | Note
-------+----------+-------------------------------------------
     0 | D:1      | ces the Minotaur Berserker began the quest for the Orb.
     0 | D:1      | Reached XP level 1. HP: 19/19 MP: 0/0
   555 | D:1      | Reached XP level 2. HP: 23/27 MP: 1/1
  1229 | D:2      | Reached skill level 4 in Axes
  1229 | D:2      | Reached XP level 3. HP: 28/34 MP: 2/2
  1937 | D:3      | Reached XP level 4. HP: 34/41 MP: 3/3
  1937 | D:3      | Reached ** piety under Trog
  1940 | D:3      | Reached skill level 5 in Fighting
  2178 | D:3      | Reached skill level 5 in Axes
  2178 | D:3      | Reached XP level 5. HP: 38/48 MP: 4/4
  2792 | D:3      | Reached skill level 1 in Stealth
  3025 | D:4      | Found Mekogop's Distillery.
  3034 | D:4      | Reached XP level 6. HP: 38/56 MP: 5/5
  3081 | D:4      | Bought a potion of heal wounds for 55 gold pieces
  3163 | D:4      | Reached skill level 6 in Axes
  3416 | D:4      | Noticed an orc warrior
  3430 | D:4      | Killed an orc warrior
  3569 | D:4      | Found a staircase to the Ecumenical Temple.
  3578 | Temple   | Entered the Ecumenical Temple
  3700 | D:5      | Entered Level 5 of the Dungeon
  3735 | D:5      | Found a shimmering altar of Xom.
  3807 | D:5      | Reached *** piety under Trog
  3828 | D:5      | Noticed a sky beast
  3836 | D:5      | Killed a sky beast
  3836 | D:5      | Reached skill level 7 in Axes
  3836 | D:5      | Reached XP level 7. HP: 32/63 MP: 6/6
  4232 | D:5      | Reached skill level 8 in Axes
  4716 | D:6      | Found a glowing drain.
  4737 | Sewer    | Entered a sewer
  4780 | Sewer    | Reached **** piety under Trog
  4871 | Sewer    | Reached XP level 8. HP: 71/71 MP: 7/7
  5173 | D:6      | Reached skill level 9 in Axes
  5173 | D:6      | Reached skill level 5 in Dodging
  5424 | D:6      | Reached ***** piety under Trog
  5832 | D:7      | Reached skill level 10 in Axes
  5936 | D:7      | Slain by a wight

Illustrated notes

Levels and vault maps discovered:
D:1:      tarquinn_simple_flora_water_f, layout_basic, due_unseen_surprise
D:2:      layout_loops_corners
D:3:      layout_rooms, minmay_fractal_squares_5
D:4:      layout_rooms, minmay_temple_entry_poolview, serial_shops, shop,
          lemuel_another_geyser
D:5:      layout_loops_corners, tgw_xom, first_ration
D:6:      layout_gridville, portal_sewer_entry_b, minmay_misc_feat_four_crosses
D:7:      layout_loops_ring, grunt_temple_overflow_forces_of_nature,
          lemuel_round_altar, cheibrodos_ashenzari_chains
Temple:   compressed_dpeg_circular_temple

Skill      XL: |  1  2  3  4  5  6  7  8 |
---------------+-------------------------+-----
Fighting       | 4 5 6 7 |  7.8
Axes           | 4 5 7 8 10 | 10.2
Dodging        | 3 4 5 |  5.6
Stealth        | 1 2 |  2.2
Armour         | |  2.8

Action                   |  1- 3 |  4- 6 |  7- 9 || total
-------------------------+-------+-------+-------++-------
Melee: Hand axe          |    74 |    78 |       ||   152
       Headbutt          |    17 |    22 |    30 ||    69
       War axe           |       |    59 |   211 ||   270
Invok: Berserk           |     1 |     3 |     2 ||     6
       Trog's Hand       |       |     2 |     1 ||     3
       Brothers in Arms  |       |       |     1 ||     1
  Use: Scroll            |       |     6 |     3 ||     9
  Eat: Chunk             |     3 |    11 |     9 ||    23
Armor: Animal skin       |    22 |    20 |    33 ||    75
Dodge: Dodged            |    44 |    97 |   150 ||   291
